Map: Triton LE

Players

Lambo - Winner!

  • Race: Zerg Zerg
  • Spawn Location: 11:00

BluE

  • Race: Protoss Protoss
  • Spawn Location: 5:00

Event: IEM Katowice 2020

VOD

Have the link to the VOD?

Description

Time

  • Played on: Feb. 25, 2020, 10:15 a.m.
  • Length: 9:09

All games in this series

Show
View Real Time Build Order
Export as new Build Order

Lambo Zerg - Winner!

Build Orders: Hatch First, Muta Ling Bane 

Get SALT Encoding   

  12  0:01  Drone  
  13  0:12  Overlord  
  13  0:16  Drone  
  14  0:30  Drone x2  
  16  0:47  Hatchery  
  15  0:51  Drone  
  15  0:54  Drone  
  17  0:57  Drone  
  18  1:09  Extractor  
  17  1:12  Spawning Pool  
  17  1:16  Drone  
  17  1:19  Drone  
  18  1:28  Drone  
  19  1:39  Drone  
  20  1:51  Overlord  
  20  1:59  Queen x2  
  20  2:00  Zergling x4  
  26  2:11  Drone x2  
  28  2:21  Drone  
  29  2:25  Drone  
  30  2:32  Hatchery, Drone  
  30  2:37  Pneumatized Carapace  
  30  2:41  Drone  
  31  2:47  Drone  
  31  2:50  Overlord  
  32  2:53  Queen  
  32  2:56  Drone  
  35  3:01  Drone  
  36  3:09  Drone x5  
  41  3:16  Metabolic Boost  
  41  3:17  Overlord  
  41  3:20  Drone  
  41  3:26  Drone  
  43  3:34  Extractor, Queen  
  43  3:35  Overlord  
  43  3:36  Drone  
  43  3:40  Drone  
  43  3:41  Drone x2  
  49  3:52  Queen  
  49  3:53  Spore Crawler  
  50  3:55  Spore Crawler  
  50  3:58  Drone x2  
  50  3:59  Zergling x4  
  50  4:00  Zergling x4  
  55  4:06  Zergling x2  
  55  4:08  Drone x2  
  58  4:13  Spore Crawler, Overlord  
  58  4:15  Overlord  
  57  4:19  Drone  
  57  4:23  Overlord  
  58  4:31  Queen, Drone x6  
  65  4:43  Drone x5  
  70  4:45  Lair  
  70  4:48  Drone x2  
  70  4:50  Drone  
  73  4:53  Extractor  
  73  4:55  Extractor, Roach Warren  
  73  4:58  Drone  
  73  4:59  Drone x2  
  73  5:00  Drone  
  73  5:03  Overlord  
  73  5:05  Evolution Chamber  
  72  5:07  Drone  
  72  5:11  Overlord  
  72  5:13  Overlord  
  73  5:18  Drone, Overlord  
  73  5:20  Overlord  
  74  5:24  Drone x7  
  74  5:25  Extractor  
  74  5:27  Extractor  
  79  5:29  Overlord  
  79  5:30  Drone x2  
  79  5:32  Drone x2  
  79  5:35  Drone  
  84  5:37  Extractor  
  84  5:41  Drone x2  
  85  5:45  Drone x2  
  85  5:47  Drone x2  
  89  5:52  Hatchery  
  89  5:54  Glial Reconstitution  
  89  5:56  Zerg Missile Weapons Level 1  
  87  5:57  Spire  
  87  6:00  Baneling Nest  
  87  6:02  Overseer  
  85  6:05  Zergling x10  
  85  6:08  Overlord  
  90  6:13  Overlord  
  90  6:14  Roach x2  
  93  6:19  Overlord  
  93  6:22  Overlord  
  89  6:34  Drone  
  89  6:35  Drone x4  
  89  6:36  Overlord  
  89  6:39  Roach x5  
  104  6:48  Zergling x6, Roach  
  104  6:49  Centrifical Hooks  
  104  6:51  Drone  
  110  7:07  Overlord  
  110  7:09  Mutalisk x7  
  110  7:11  Zergling x4, Roach  
  128  7:18  Mutalisk  
  130  7:25  Zergling x10  
  130  7:28  Overlord  
  135  7:33  Roach x8  
  151  7:40  Zergling x2, Roach x4  
  160  7:47  Overlord  
  160  7:48  Roach x5  
  170  7:54  Roach x3  
  170  7:58  Roach  
  175  8:02  Roach x3  
  172  8:06  Overlord  
  172  8:09  Zergling x10  
  177  8:13  Baneling x12  
  177  8:15  Zergling x6  
  177  8:18  Overlord  
  180  8:22  Zergling x6  
  180  8:23  Overlord  
  180  8:25  Overlord  
  180  8:27  Ravager x2  
  185  8:29  Zergling x6  
  185  8:31  Zergling x4  
  185  8:34  Zergling x4  
  190  8:35  Ravager  
  190  8:36  Baneling x6  
  190  8:40  Zergling x10  
  196  8:47  Zergling x4  
  190  8:50  Roach  
Show
View Real Time Build Order
Export as new Build Order

BluE Protoss 

Build Orders: 1 Gate Expand, Oracle Opening, Phoenix Opening, Archon Immortal 

Get SALT Encoding   

  12  0:00  Probe  
  13  0:12  Probe  
  14  0:20  Pylon  
  14  0:24  Probe  
  15  0:38  Probe (Chrono Boost)  
  15  0:41  Gateway  
  16  0:45  Assimilator  
  16  0:47  Probe (Chrono Boost)  
  17  0:53  Probe  
  18  1:05  Probe  
  19  1:17  Probe  
  20  1:29  Nexus  
  20  1:37  Cybernetics Core  
  20  1:40  Probe  
  21  1:48  Assimilator  
  21  1:53  Probe  
  22  1:56  Pylon  
  22  2:04  Probe  
  23  2:12  Probe, Adept (Chrono Boost)  
  25  2:20  Probe  
  25  2:21  Stargate  
  26  2:27  Warp Gate  
  27  2:33  Probe (Chrono Boost)  
  28  2:37  Adept  
  28  2:41  Probe (Chrono Boost)  
  31  2:50  Probe x2 (Chrono Boost)  
  32  2:55  Probe (Chrono Boost)  
  32  2:56  Probe  
  34  3:04  Phoenix (Chrono Boost)  
  36  3:08  Probe x2  
  38  3:14  Gateway  
  38  3:20  Probe  
  38  3:21  Probe  
  38  3:26  Pylon  
  40  3:29  Oracle (Chrono Boost)  
  40  3:32  Probe  
  40  3:33  Probe  
  45  3:36  Assimilator  
  45  3:38  Assimilator  
  45  3:44  Probe  
  45  3:45  Probe  
  45  3:48  Robotics Facility  
  47  3:53  Pylon  
  47  3:56  Probe  
  47  3:57  Probe  
  47  4:01  Oracle  
  49  4:08  Probe  
  49  4:09  Probe  
  54  4:10  Pylon  
  54  4:15  Adept  
  56  4:17  Adept  
  56  4:20  Probe  
  59  4:25  Probe  
  60  4:32  Probe  
  60  4:37  Observer (Chrono Boost)  
  58  4:38  Nexus  
  58  4:39  Oracle (Chrono Boost)  
  58  4:44  Probe  
  59  4:48  Pylon  
  59  4:54  Sentry x2  
  59  4:57  Probe  
  64  5:02  Probe, Warp Prism (Chrono Boost)  
  65  5:07  Pylon  
  65  5:09  Probe  
  66  5:17  Pylon  
  66  5:18  Adept x2  
  70  5:23  Pylon  
  70  5:24  Forge  
  70  5:25  Probe  
  71  5:31  Twilight Council  
  71  5:32  Probe  
  72  5:37  Probe  
  72  5:41  Immortal (Chrono Boost)  
  77  5:44  Probe  
  77  5:45  Sentry  
  77  5:47  Sentry  
  77  5:48  Charge  
  77  5:49  Probe  
  83  5:52  Protoss Ground Weapons Level 1 (Chrono Boost)  
  83  5:56  Probe x2  
  85  6:01  Probe  
  86  6:08  Probe  
  86  6:09  Probe  
  88  6:13  Adept x2  
  92  6:19  Immortal (Chrono Boost)  
  92  6:23  Probe  
  92  6:24  Probe  
  97  6:30  Templar Archives  
  94  6:33  Gateway x2  
  94  6:37  Gateway  
  90  6:40  Gateway  
  90  6:42  Gateway  
  90  6:43  Gateway  
  90  6:52  Probe x3  
  90  6:53  Assimilator  
  90  6:54  Observer  
  93  6:55  Assimilator  
  93  6:56  Zealot  
  93  6:57  Pylon  
  93  6:58  Zealot  
  98  7:04  Probe x2  
  98  7:07  Pylon  
  100  7:19  Immortal  
  104  7:24  Pylon  
  104  7:25  High Templar x2  
  108  7:30  Archon  
  108  7:31  High Templar x2  
  108  7:33  Photon Cannon  
  108  7:34  Pylon  
  108  7:36  Archon  
  112  7:46  Probe  
  112  7:49  Zealot x2  
  117  7:53  Zealot x2  
  117  7:58  Immortal  
  123  8:01  Robotics Facility  
  123  8:07  Stalker x4  
  124  8:13  Stalker  
  124  8:18  Stalker x3  
  123  8:34  Zealot x2  
  123  8:35  Zealot x2  
  135  8:42  Zealot x2  
  129  8:51  Zealot x2  
  111  8:56  Zealot x2  
  111  8:57  Zealot  
  93  9:05  Zealot  
  93  9:06  Zealot x2  

Tags
 
Add a new tag
Caveats
  • Supply blocks, unpowered buildings, or Contaminate may cause inaccurate times.
  • Supply counts are checked every 10 seconds.